[ AOE2 MATCH · #506768494 ]
UnrankedVikings vs Japanese
Player's team · LOSS
Rival team · WIN
[ REPLAY ANALYSIS · EXTRACTED FROM THE RECORDED GAME ]
Feudal
11:51
Castle
22:06
Imperial
—
| APM avg | 67.6 |
| APM peak | 97 |
| eAPM avg | 28.1 |
| Villagers / military | 47 / 17 |
Focus
⚔️ 36.9% · 🌾 63.1%
Archer ×10 · Skirmisher ×7
Feudal
14:23
Castle
20:02
Imperial
—
| APM avg | 53.7 |
| APM peak | 92 |
| eAPM avg | 25.6 |
| Villagers / military | 42 / 27 |
Focus
⚔️ 43.3% · 🌾 56.7%
Militia ×25 · Battering Ram ×2
Match map
Initial resources + every placement click. Lines = walls · curves = elevation contours. ◆ gold · ⬟ stone · ● berries · ✦ relic · ◌ wall gap
Your base· ✓ Closed at 22:06 · 85t walls · 1 gate(s) · fragile
Survivalist's base· ✓ Closed at 20:02 · 61t walls · 1 gate(s)
Smoothed initial terrain · ◌ = detected wall gap · hover for details
Inputs per minute
— Bubbagump - - Survivalist
Build order — Bubbagump
First 150 of 170 actions detected
| 0:00 | Create | Villager (Male) |
| 0:01 | Create | Villager (Male) |
| 0:01 | Create | Villager (Male) |
| 0:02 | Build | House |
| 0:03 | Build | House |
| 0:13 | Create | Villager (Male) |
| 1:25 | Create | Villager (Male) |
| 1:46 | Build | Lumber Camp |
| 1:58 | Create | Villager (Male) |
| 2:26 | Create | Villager (Male) |
| 2:50 | Create | Villager (Male) |
| 2:50 | Create | Villager (Male) |
| 3:12 | Create | Villager (Male) |
| 3:37 | Build | House |
| 3:49 | Create | Villager (Male) |
| 3:53 | Create | Villager (Male) |
| 4:20 | Create | Villager (Male) |
| 4:40 | Build | Barracks |
| 4:47 | Build | Mill |
| 4:47 | Create | Villager (Male) |
| 5:00 | Research | Loom |
| 5:02 | Build | Palisade Wall |
| 5:03 | Build | Palisade Wall |
| 5:34 | Create | Villager (Male) |
| 5:35 | Build | Mill |
| 5:44 | Build | Palisade Wall |
| 5:50 | Build | House |
| 6:13 | Build | Palisade Gate |
| 6:15 | Build | House |
| 6:21 | Create | Villager (Male) |
| 6:39 | Build | House |
| 6:41 | Create | Villager (Male) |
| 7:01 | Create | Villager (Male) |
| 7:18 | Create | Villager (Male) |
| 7:38 | Build | Mill |
| 7:40 | Build | House |
| 7:49 | Create | Villager (Male) |
| 7:53 | Build | Palisade Wall |
| 7:54 | Build | Palisade Wall |
| 8:02 | Create | Villager (Male) |
| 8:15 | Create | Villager (Male) |
| 8:23 | Create | Villager (Male) |
| 9:39 | Research | Feudal Age |
| 9:46 | Build | Mining Camp |
| 10:05 | Build | Palisade Wall |
| 10:39 | Build | House |
| 10:47 | Build | Palisade Wall |
| 10:50 | Build | Palisade Wall |
| 10:51 | Build | Palisade Wall |
| 10:52 | Build | Palisade Wall |
| 11:03 | Build | Palisade Wall |
| 11:07 | Build | Palisade Wall |
| 11:10 | Build | Palisade Wall |
| 11:13 | Build | House |
| 11:45 | Build | Barracks |
| 11:47 | Create | Villager (Male) |
| 11:49 | Build | Farm |
| 11:50 | Build | Farm |
| 11:51 | Age | Feudal Age |
| 11:53 | Build | Farm |
| 11:55 | Build | Farm |
| 12:14 | Create | Villager (Male) |
| 12:16 | Build | Archery Range |
| 12:37 | Create | Villager (Male) |
| 12:46 | Build | Farm |
| 12:47 | Create | Skirmisher |
| 12:56 | Build | Farm |
| 12:57 | Create | Villager (Male) |
| 13:05 | Create | Villager (Male) |
| 13:43 | Build | Mill |
| 13:47 | Create | Villager (Male) |
| 14:00 | Build | Farm |
| 14:01 | Build | House |
| 14:10 | Create | Villager (Male) |
| 14:14 | Build | Farm |
| 14:27 | Research | Double-Bit Axe |
| 14:38 | Build | House |
| 14:42 | Create | Villager (Male) |
| 14:52 | Build | Farm |
| 15:00 | Build | Palisade Wall |
| 15:05 | Create | Villager (Male) |
| 15:06 | Build | Farm |
| 15:10 | Build | Palisade Wall |
| 15:20 | Build | Palisade Wall |
| 15:24 | Create | Skirmisher |
| 15:29 | Build | Palisade Wall |
| 15:34 | Build | Palisade Wall |
| 15:35 | Create | Villager (Male) |
| 15:47 | Create | Skirmisher |
| 15:55 | Build | Palisade Wall |
| 16:12 | Create | Skirmisher |
| 16:14 | Build | Palisade Wall |
| 16:20 | Create | Villager (Male) |
| 16:28 | Build | Palisade Wall |
| 16:37 | Create | Villager (Male) |
| 16:37 | Create | Skirmisher |
| 16:43 | Build | Palisade Wall |
| 16:47 | Build | Palisade Wall |
| 16:49 | Build | Farm |
| 16:50 | Build | Farm |
| 16:54 | Build | House |
| 16:55 | Build | Farm |
| 17:02 | Create | Villager (Male) |
| 17:11 | Build | Palisade Wall |
| 17:22 | Build | Palisade Wall |
| 17:23 | Create | Skirmisher |
| 17:24 | Create | Villager (Male) |
| 17:39 | Build | Farm |
| 17:40 | Build | Farm |
| 17:56 | Create | Villager (Male) |
| 17:58 | Build | Palisade Wall |
| 18:03 | Build | Farm |
| 18:05 | Build | Farm |
| 18:42 | Build | House |
| 18:43 | Build | Palisade Wall |
| 18:54 | Build | Palisade Wall |
| 18:56 | Build | Palisade Wall |
| 19:01 | Create | Villager (Male) |
| 19:03 | Build | Blacksmith |
| 19:05 | Build | Palisade Wall |
| 19:06 | Build | Palisade Wall |
| 19:12 | Build | Archery Range |
| 19:25 | Research | Castle Age |
| 19:28 | Research | Fletching |
| 19:31 | Build | Palisade Wall |
| 19:32 | Build | Palisade Wall |
| 19:32 | Build | Palisade Wall |
| 19:42 | Create | Skirmisher |
| 19:45 | Create | Archer |
| 19:45 | Create | Archer |
| 19:51 | Build | Farm |
| 19:53 | Research | Horse Collar |
| 20:06 | Create | Archer |
| 20:06 | Create | Archer |
| 20:25 | Create | Archer |
| 20:28 | Build | Mining Camp |
| 20:34 | Create | Villager (Male) |
| 20:44 | Build | Stone Wall |
| 20:48 | Build | Stone Wall |
| 20:49 | Create | Villager (Male) |
| 20:49 | Create | Archer |
| 20:53 | Build | Stone Wall |
| 20:54 | Build | Stone Wall |
| 20:54 | Build | Stone Wall |
| 20:55 | Create | Villager (Male) |
| 20:55 | Create | Archer |
| 20:58 | Build | Stone Wall |
| 20:59 | Create | Villager (Male) |
| 20:59 | Create | Archer |
| 21:01 | Create | Villager (Male) |
Build order — Survivalist
First 150 of 160 actions detected
| 0:00 | Create | Villager (Male) |
| 0:02 | Build | House |
| 0:02 | Build | House |
| 0:05 | Create | Villager (Male) |
| 0:06 | Create | Villager (Male) |
| 0:08 | Create | Villager (Male) |
| 1:29 | Create | Villager (Male) |
| 2:02 | Create | Villager (Male) |
| 2:21 | Build | Barracks |
| 2:25 | Create | Villager (Male) |
| 2:45 | Create | Villager (Male) |
| 3:15 | Create | Villager (Male) |
| 3:19 | Create | Militia |
| 3:37 | Build | House |
| 3:45 | Create | Villager (Male) |
| 3:48 | Create | Militia |
| 4:20 | Create | Villager (Male) |
| 4:28 | Build | Palisade Wall |
| 4:51 | Create | Villager (Male) |
| 4:56 | Build | Palisade Wall |
| 4:57 | Build | Palisade Wall |
| 5:17 | Create | Villager (Male) |
| 5:29 | Build | Lumber Camp |
| 5:32 | Build | House |
| 5:36 | Create | Villager (Male) |
| 5:43 | Build | Palisade Wall |
| 5:45 | Build | Palisade Wall |
| 5:46 | Build | Palisade Wall |
| 5:58 | Create | Militia |
| 6:04 | Create | Villager (Male) |
| 6:16 | Build | Palisade Wall |
| 6:35 | Create | Villager (Male) |
| 6:38 | Create | Militia |
| 6:49 | Create | Villager (Male) |
| 6:53 | Create | Militia |
| 7:09 | Create | Villager (Male) |
| 7:11 | Build | House |
| 7:20 | Create | Villager (Male) |
| 7:31 | Build | House |
| 7:38 | Create | Villager (Male) |
| 7:40 | Build | Mill |
| 7:45 | Build | House |
| 7:58 | Create | Villager (Male) |
| 7:59 | Create | Militia |
| 8:14 | Build | Palisade Wall |
| 8:17 | Create | Villager (Male) |
| 8:26 | Build | Mining Camp |
| 8:42 | Create | Villager (Male) |
| 8:44 | Build | House |
| 8:48 | Build | Mill |
| 8:59 | Build | House |
| 9:01 | Build | Palisade Wall |
| 9:01 | Build | Palisade Wall |
| 9:04 | Build | Palisade Wall |
| 9:07 | Create | Villager (Male) |
| 9:13 | Build | Palisade Wall |
| 9:15 | Build | Palisade Wall |
| 9:16 | Build | Palisade Wall |
| 9:16 | Build | Palisade Wall |
| 9:24 | Create | Villager (Male) |
| 9:34 | Build | Farm |
| 10:18 | Create | Villager (Male) |
| 10:29 | Build | Farm |
| 10:31 | Build | Farm |
| 10:35 | Research | Loom |
| 10:38 | Build | House |
| 10:52 | Build | Palisade Wall |
| 10:53 | Build | Palisade Wall |
| 10:55 | Build | Palisade Wall |
| 10:56 | Create | Villager (Male) |
| 10:58 | Build | Farm |
| 11:08 | Build | Farm |
| 11:34 | Build | Farm |
| 11:44 | Create | Villager (Male) |
| 11:51 | Build | Palisade Wall |
| 11:58 | Build | Palisade Wall |
| 12:13 | Research | Feudal Age |
| 12:15 | Build | House |
| 12:37 | Build | Lumber Camp |
| 13:31 | Build | Palisade Wall |
| 13:34 | Create | Villager (Male) |
| 13:42 | Build | Lumber Camp |
| 13:59 | Build | Palisade Gate |
| 14:01 | Build | Palisade Wall |
| 14:23 | Age | Feudal Age |
| 14:29 | Research | Man-at-Arms (upgrade) |
| 14:31 | Research | Double-Bit Axe |
| 14:31 | Research | Double-Bit Axe |
| 14:45 | Create | Villager (Male) |
| 14:47 | Build | House |
| 14:56 | Build | Farm |
| 15:07 | Build | Market |
| 15:11 | Create | Villager (Male) |
| 15:13 | Build | House |
| 15:27 | Build | Farm |
| 15:28 | Create | Villager (Male) |
| 15:46 | Create | Villager (Male) |
| 16:25 | Create | Villager (Male) |
| 16:35 | Build | Blacksmith |
| 16:52 | Create | Villager (Male) |
| 17:05 | Create | Militia |
| 17:08 | Create | Villager (Male) |
| 17:19 | Build | Barracks |
| 17:22 | Research | Castle Age |
| 17:25 | Create | Militia |
| 17:28 | Build | Farm |
| 17:28 | Build | Farm |
| 17:32 | Build | Farm |
| 17:34 | Build | Farm |
| 17:35 | Build | Farm |
| 17:43 | Research | Horse Collar |
| 18:02 | Create | Militia |
| 18:02 | Create | Militia |
| 18:13 | Research | Scale Mail Armor |
| 18:14 | Create | Militia |
| 18:16 | Build | House |
| 18:34 | Create | Militia |
| 18:46 | Create | Militia |
| 18:47 | Create | Villager (Male) |
| 19:02 | Build | Farm |
| 19:10 | Build | Farm |
| 19:11 | Build | Farm |
| 19:15 | Build | Farm |
| 19:16 | Build | Farm |
| 19:19 | Build | Farm |
| 19:19 | Create | Militia |
| 19:20 | Create | Militia |
| 19:23 | Build | House |
| 19:26 | Build | House |
| 19:29 | Build | Farm |
| 19:30 | Build | Farm |
| 19:40 | Create | Militia |
| 19:40 | Create | Militia |
| 19:42 | Create | Militia |
| 19:45 | Build | Farm |
| 19:46 | Build | Farm |
| 20:02 | Age | Castle Age |
| 20:03 | Research | Long Swordsman (upgrade) |
| 20:05 | Build | Farm |
| 20:06 | Build | Farm |
| 20:09 | Build | Siege Workshop |
| 20:12 | Research | Squires |
| 20:13 | Research | Squires |
| 20:22 | Create | Villager (Male) |
| 20:48 | Create | Villager (Male) |
| 20:53 | Research | Chain Mail Armor |
| 21:02 | Create | Battering Ram |
| 21:18 | Research | Gambesons |
| 21:19 | Create | Villager (Male) |
| 21:20 | Create | Militia |
Match timeline
| 2:21 | Survivalist · first_building Barracks |
| 4:28 | Survivalist · wall_segment Palisade Wall x3 |
| 4:40 | Bubbagump · first_building Barracks |
| 4:56 | Survivalist · wall_segment Palisade Wall x5 |
| 4:57 | Survivalist · wall_segment Palisade Wall x3 |
| 5:02 | Bubbagump · wall_segment Palisade Wall x1 |
| 5:03 | Bubbagump · wall_segment Palisade Wall x1 |
| 5:43 | Survivalist · wall_segment Palisade Wall x1 |
| 5:44 | Bubbagump · wall_segment Palisade Wall x1 |
| 5:45 | Survivalist · wall_segment Palisade Wall x2 |
| 5:46 | Survivalist · wall_segment Palisade Wall x2 |
| 6:16 | Survivalist · wall_segment Palisade Wall x1 |
| 7:53 | Bubbagump · wall_segment Palisade Wall x1 |
| 7:54 | Bubbagump · wall_segment Palisade Wall x1 |
| 8:14 | Survivalist · wall_segment Palisade Wall x1 |
| 9:01 | Survivalist · wall_segment Palisade Wall x1 |
| 9:01 | Survivalist · wall_segment Palisade Wall x1 |
| 9:04 | Survivalist · wall_segment Palisade Wall x10 |
| 9:13 | Survivalist · wall_segment Palisade Wall x4 |
| 9:15 | Survivalist · wall_segment Palisade Wall x3 |
| 9:16 | Survivalist · wall_segment Palisade Wall x1 |
| 9:16 | Survivalist · wall_segment Palisade Wall x1 |
| 10:05 | Bubbagump · wall_segment Palisade Wall x1 |
| 10:47 | Bubbagump · wall_segment Palisade Wall x1 |
| 10:50 | Bubbagump · wall_segment Palisade Wall x1 |
| 10:51 | Bubbagump · wall_segment Palisade Wall x1 |
| 10:52 | Survivalist · wall_segment Palisade Wall x1 |
| 10:52 | Bubbagump · wall_segment Palisade Wall x1 |
| 10:53 | Survivalist · wall_segment Palisade Wall x1 |
| 10:55 | Survivalist · wall_segment Palisade Wall x1 |
| 11:03 | Bubbagump · wall_segment Palisade Wall x1 |
| 11:07 | Bubbagump · wall_segment Palisade Wall x1 |
| 11:10 | Bubbagump · wall_segment Palisade Wall x1 |
| 11:51 | Bubbagump · age_up feudal |
| 11:51 | Survivalist · wall_segment Palisade Wall x5 |
| 11:58 | Survivalist · wall_segment Palisade Wall x8 |
| 12:16 | Bubbagump · first_building Archery Range |
| 13:31 | Survivalist · wall_segment Palisade Wall x5 |
| 14:01 | Survivalist · wall_segment Palisade Wall x4 |
| 14:23 | Survivalist · age_up feudal |
| 15:00 | Bubbagump · wall_segment Palisade Wall x9 |
| 15:10 | Bubbagump · wall_segment Palisade Wall x2 |
| 15:20 | Bubbagump · wall_segment Palisade Wall x7 |
| 15:29 | Bubbagump · wall_segment Palisade Wall x8 |
| 15:34 | Bubbagump · wall_segment Palisade Wall x4 |
| 15:55 | Bubbagump · wall_segment Palisade Wall x2 |
| 16:14 | Bubbagump · wall_segment Palisade Wall x1 |
| 16:28 | Bubbagump · wall_segment Palisade Wall x1 |
| 16:43 | Bubbagump · wall_segment Palisade Wall x2 |
| 16:47 | Bubbagump · wall_segment Palisade Wall x1 |
| 16:56 | Survivalist · first_market_buy 100 food |
| 17:11 | Bubbagump · wall_segment Palisade Wall x1 |
| 17:22 | Bubbagump · wall_segment Palisade Wall x8 |
| 17:58 | Bubbagump · wall_segment Palisade Wall x1 |
| 18:43 | Bubbagump · wall_segment Palisade Wall x1 |
| 18:54 | Bubbagump · wall_segment Palisade Wall x1 |
| 18:56 | Bubbagump · wall_segment Palisade Wall x1 |
| 19:05 | Bubbagump · wall_segment Palisade Wall x1 |
| 19:06 | Bubbagump · wall_segment Palisade Wall x1 |
| 19:31 | Bubbagump · wall_segment Palisade Wall x1 |
| 19:32 | Bubbagump · wall_segment Palisade Wall x1 |
| 19:32 | Bubbagump · wall_segment Palisade Wall x1 |
| 20:02 | Survivalist · age_up castle |
| 20:09 | Survivalist · first_building Siege Workshop |
| 20:44 | Bubbagump · wall_segment Stone Wall x1 |
| 20:48 | Bubbagump · wall_segment Stone Wall x1 |
| 20:53 | Bubbagump · wall_segment Stone Wall x1 |
| 20:54 | Bubbagump · wall_segment Stone Wall x1 |
| 20:54 | Bubbagump · wall_segment Stone Wall x1 |
| 20:58 | Bubbagump · wall_segment Stone Wall x1 |
| 21:02 | Survivalist · first_market_sell 100 stone |
| 21:14 | Bubbagump · wall_segment Stone Wall x1 |
| 21:16 | Bubbagump · wall_segment Stone Wall x1 |
| 21:19 | Bubbagump · wall_segment Stone Wall x1 |
| 21:20 | Bubbagump · wall_segment Stone Wall x1 |
| 21:26 | Bubbagump · wall_segment Stone Wall x3 |
| 21:31 | Bubbagump · wall_segment Stone Wall x1 |
| 21:35 | Bubbagump · wall_segment Stone Wall x1 |
| 21:49 | Bubbagump · wall_segment Stone Wall x1 |
| 21:52 | Bubbagump · wall_segment Stone Wall x1 |
| 21:54 | Bubbagump · wall_segment Stone Wall x1 |
| 21:57 | Bubbagump · wall_segment Stone Wall x1 |
| 21:59 | Bubbagump · wall_segment Stone Wall x1 |
| 22:01 | Bubbagump · wall_segment Stone Wall x1 |
| 22:06 | Bubbagump · age_up castle |
| 22:16 | Bubbagump · resign |
[ AI ANALYSIS · 1 CREDIT ]
What really happened in this match?
Wolo.gg analyzes every decision: build order, eco, micro, common mistakes by bracket. Personalized analysis on WhatsApp or Discord in 30 seconds.
Civ guide
Vikings
Perfil
Jugador #412636